 Dungeon Crawl Stone Soup version 0.19.0-20-gbc5f0c6 (webtiles) character file.

2803 nikopol the Fighter (level 9, -15/59 HPs)
             Began as a Gargoyle Fighter on Nov 17, 2016.
             Was a Priest of Okawaru.
             Demolished by an ogre
             ... wielding a +0 giant spiked club
              (21 damage)
             ... on level 7 of the Dungeon.
             The game lasted 00:22:23 (8514 turns).

nikopol the Fighter (Gargoyle Fighter)              Turns: 8514, Time: 00:22:24

Health: -15/59     AC: 18    Str: 22    XL:     9   Next: 71%
Magic:  9/9        EV:  6    Int:  9    God:    Okawaru [***...]
Gold:   310        SH: 11    Dex: 10    Spells: 0 memorised, 8 levels left

rFire  . . .     SeeInvis .     B - +0 hand axe (flame)
rCold  . . .     Gourm    .     j - +0 chain mail {rPois}
rNeg   + . .     Faith    .     c - +0 shield
rPois  ∞         Spirit   .     p - +2 hat
rElec  +         Reflect  .     (no cloak)
rCorr  .         Harm     .     (no gloves)
MR     .....                    (no boots)
Stlth  ..........               (no amulet)
                                (no ring)
                                (no ring)

@: no status effects
A: negative energy resistance 1, electricity resistance, unbreathing,
petrification resistance, rot immunity, AC +5
a: Heroism, Renounce Religion


You were on level 7 of the Dungeon.
You worshipped Okawaru.
Okawaru was most pleased with you.
You were hungry.

You visited 1 branch of the dungeon, and saw 7 of its levels.

You collected 310 gold pieces.

Inventory:

Hand Weapons
 a - a +0 war axe
 B - a +0 hand axe of flaming (weapon)
Armour
 b - a +0 scale mail
 c - a +0 shield (worn)
 j - a +0 chain mail of poison resistance (worn)
 p - a +2 hat (worn)
 r - a +0 helmet
Wands
 A - a wand of acid (4/15)
 H - a wand of flame (18/48)
Scrolls
 e - 3 scrolls of identify {unknown}
 h - a scroll of random uselessness {unknown}
 i - 2 scrolls of blinking {unknown}
 k - 2 scrolls of immolation {unknown}
 m - a scroll of magic mapping {unknown}
 o - a scroll of noise {unknown}
 t - 3 scrolls of teleportation {unknown}
 u - a scroll of enchant armour {unknown}
 D - 2 scrolls of remove curse {unknown}
 E - a scroll of torment {unknown}
 G - 3 scrolls of fog {unknown}
Potions
 d - 3 potions of might
 g - a potion of cure mutation {unknown}
 l - 2 potions of curing {unknown}
 q - 2 potions of resistance {unknown}
 s - a potion of degeneration {unknown}
 v - a potion of heal wounds {unknown}
 w - 2 potions of lignification {unknown}
 z - a potion of haste {unknown}
 C - a potion of magic {unknown}
 I - a potion of flight {unknown}
Books
 x - a book of Maledictions

   Spells                             Type                      Level
   a - Corona                         Hexes                        1
   b - Ensorcelled Hibernation        Hexes/Ice                    2
   c - Confuse                        Hexes                        3
   d - Tukima's Dance                 Hexes                        3
   e - Dazzling Spray                 Conjuration/Hexes            3
Comestibles
 f - 2 bread rations
 n - 4 meat rations
 F - a slice of pizza
 J - 3 fruits


   Skills:
 + Level 8.0 Fighting
 * Level 6.2 Axes
 + Level 7.7 Armour
 + Level 8.0 Shields


You had 8 spell levels left.
You didn't know any spells.

Dungeon Overview and Level Annotations

Branches:
Dungeon (7/15)
 Temple: D:4-7

Altars:
Okawaru
Trog

Shops:
D:4 :


Innate Abilities, Weirdness & Mutations

You are resistant to torment.
Your stone body is resilient. (AC +5)
You are immune to poison.
You resist negative energy. (rN+)
You are resistant to electric shocks. (rElec)
You can survive without breathing.
You are immune to petrification.
You are immune to rotting.


Message History

The ogre is severely wounded.
You hit the ogre but do no damage.
The ogre is severely wounded.
The ogre hits you with a giant spiked club!
* * * LOW HITPOINT WARNING * * *
You closely miss the ogre.
The ogre is severely wounded.
You block the ogre's attack.
You hit the ogre. You burn the ogre.
The ogre is almost dead.
You block the ogre's attack.
You completely miss the ogre.
The ogre is almost dead.
You hit the ogre but do no damage.
The ogre is almost dead.
The ogre hits you but does no damage.
Your shield and chain mail prevent you from hitting the ogre.
The ogre is almost dead.
The ogre hits you with a giant spiked club!!
You die...

.########## #.# ..........# #.#
#.# .########.# # #.# #.#
..........# #. #.# #.#
###########.#.###.#####.#
.......................>#
#######...........#####.#########
# #..+..........................
# #.##........O@........########
# #.##..................#.......
# #.##.........<.########.#.....
# #.##............ #.#.#### #
#.##............. #.......
####.##............). ###.####
...................... #.#...
####.##................ #.#.##
.....##.......... #.#.#.


You could see an ogre.

Vanquished Creatures
  A hippogriff (D:7)
  Sigmund (D:2)
  Menkaure (D:5)
  Edmund (D:5)
  An orc warrior (D:6)
  2 sky beasts
  An ice beast (D:3)
  3 ogres
  2 phantoms
  A centaur (D:6)
  A bullfrog (D:7)
  A gnoll sergeant (D:5)
  A water moccasin skeleton (D:5)
  A scorpion (D:5)
  2 howler monkeys
  A crimson imp (D:5)
  A jelly (D:7)
  3 orc priests
  5 hounds
  A bullfrog skeleton (D:5)
  3 iguanas
  3 orc wizards
  6 worker ants
  Robin (D:3)
  2 howler monkey skeletons
  2 howler monkey zombies
  11 adders
  7 gnolls
  A river rat (D:5)
  3 shadow imps
  An ooze (D:1)
  3 adder skeletons
  6 worms
  3 dart slugs
  A leopard gecko (D:2)
  30 orcs
  9 giant cockroaches
  23 goblins
  10 hobgoblins
  6 jackals
  10 kobolds
  4 quokkas
  2 ball pythons (D:3)
  6 bats
  2 frilled lizards (D:3)
  A leopard gecko skeleton (D:4)
  A quokka zombie (D:6)
  12 rats
200 creatures vanquished.

Vanquished Creatures (others)
  4 toadstools (D:1)
4 creatures vanquished.

Grand Total: 204 creatures vanquished

Notes
Turn   | Place    | Note
-------+----------+-------------------------------------------
     0 | D:1      | nikopol the Gargoyle Fighter began the quest for the Orb.
     0 | D:1      | Reached XP level 1. HP: 14/14 MP: 1/1
    59 | D:1      | Reached XP level 2. HP: 14/19 MP: 2/2
   567 | D:1      | Reached XP level 3. HP: 5/23 MP: 3/3
  1207 | D:2      | Reached XP level 4. HP: 26/29 MP: 4/4
  1226 | D:2      | Found an iron altar of Okawaru.
  1333 | D:2      | Became a worshipper of Warmaster Okawaru
  1713 | D:2      | Reached XP level 5. HP: 33/33 MP: 5/5
  1959 | D:2      | Noticed Sigmund
  1970 | D:2      | Killed Sigmund
  1970 | D:2      | Reached XP level 6. HP: 36/39 MP: 6/6
  2367 | D:3      | Reached skill level 5 in Shields
  2438 | D:3      | Noticed a sky beast
  2506 | D:3      | Killed a sky beast
  2506 | D:3      | Reached skill level 5 in Armour
  2770 | D:3      | Reached XP level 7. HP: 41/44 MP: 7/7
  2887 | D:3      | Found a faded altar of an unknown god.
  3247 | D:3      | Noticed Robin
  3272 | D:3      | Killed Robin
  3272 | D:3      | Reached skill level 5 in Fighting
  3610 | D:4      | Found Doathit's Book Shoppe.
  3683 | D:4      | Reached * piety under Okawaru
  4139 | D:4      | Reached XP level 8. HP: 33/51 MP: 8/8
  4810 | D:5      | Entered Level 5 of the Dungeon
  4938 | D:5      | Reached ** piety under Okawaru
  5213 | D:5      | Noticed Edmund
  5228 | D:5      | Killed Edmund
  5276 | D:5      | Noticed a hill giant
  5318 | D:5      | Reached skill level 5 in Axes
  5481 | D:5      | Noticed Menkaure
  5499 | D:5      | Killed Menkaure
  5906 | D:6      | Reached XP level 9. HP: 52/56 MP: 9/9
  6133 | D:6      | Found a bloodstained altar of Trog.
  6814 | D:6      | Reached *** piety under Okawaru
  8514 | D:7      | Demolished by an ogre

Skill      XL: |  1  2  3  4  5  6  7  8  9 |
---------------+----------------------------+-----
Axes           | 2 3 4 5 6 |  6.2
Shields        | 4 5 7 8 |  8.0
Armour         | 4 5 6 7 |  7.7
Fighting       | 4 5 6 8 |  8.0

Action                   |  1- 3 |  4- 6 |  7- 9 || total
-------------------------+-------+-------+-------++-------
Melee: War axe           |   127 |   231 |   293 ||   651
       Hand axe          |       |       |   323 ||   323
  Eat: Chunk             |     1 |     6 |    19 ||    26
Armor: Scale mail        |    42 |       |       ||    42
       Chain mail        |    74 |   188 |   360 ||   622
Dodge: Dodged            |    41 |    53 |   126 ||   220
Block: Shield            |    78 |   139 |   321 ||   538
